 Dungeon Crawl Stone Soup version 0.14-a0-2810-g474977d (webtiles) character file.

374 Quh the Skirmisher (level 5, -4/48 HPs)
             Began as a Hill Orc Fighter on Feb 25, 2014.
             Slain by Sigmund
             ... wielding a +0,+0 scythe
              (11 damage)
             ... on Level 3 of the Dungeon.
             The game lasted 00:20:07 (2629 turns).

Quh the Skirmisher (Hill Orc Fighter)               Turns: 2629, Time: 00:20:07

HP  -4/48        AC  7     Str 20      XL: 5   Next: 75%
MP   5/5         EV  6     Int  8      God:
Gold 177         SH 20     Dex 10      Spells:  0 memorised,  4 levels left

rFire  . . .     SeeInvis .     a - +1,+0 falchion
rCold  . . .     Clarity  .     b - +0 orc scale mail
rNeg   . . .     Conserve .     c - +0 orc shield
rPois  .         rCorr    .     (no helmet)
rElec  .         rRot     .     (no cloak)
SustAb . .       Spirit   .     (no gloves)
rMut   .         Warding  .     (no boots)
Saprov + . .     Stasis   .     (no amulet)
MR     .....                    (no ring)
                                (no ring)

@: not resistant to hostile enchantments, extremely unstealthy
A: saprovore 1
a: no special abilities


You were on level 3 of the Dungeon.
You were not hungry.

You visited 1 branch of the dungeon, and saw 3 of its levels.

You collected 177 gold pieces.

Inventory:

Hand weapons
 a - a +1,+0 falchion (weapon)
 k - a cursed -2,-3 dagger
Missiles
 e - 18 darts (quivered)
Armour
 b - a +0 orcish scale mail (worn)
 c - a +0 orcish shield (worn)
 j - a cursed +0 leather armour
Magical devices
 t - a wand of digging (12) {unknown}
Comestibles
 d - 2 meat rations
 f - a banana
 g - a snozzcumber
 l - a bread ration
Scrolls
 m - 3 scrolls of remove curse
 q - a scroll of identify
Potions
 h - a potion of agility
 i - 4 potions of curing {unknown}
 o - a potion of confusion {unknown}
 s - a potion of mutation {unknown}


   Skills:
 * Level 5.3 Fighting
 * Level 3.1 Long Blades
 + Level 1.7 Throwing
 + Level 4.0 Armour
 - Level 0.1 Dodging
 + Level 4.1 Shields


You had 4 spell levels left.
You didn't know any spells.

Dungeon Overview and Level Annotations

Branches:
Dungeon (3/16)

Altars:
Fedhas

Annotations:
D:3 Sigmund


Innate Abilities, Weirdness & Mutations

You can tolerate rotten meat.


Message History

Sigmund hits you with a scythe.
Sigmund points at you and mumbles some strange words.
The puff of flame hits you!
Sigmund hits you from afar with a scythe!
Sigmund gestures wildly while chanting.
Sigmund flickers and vanishes!
Deactivating autopickup; reactivate with Ctrl-A.
You hear some strange, mumbled words.
The puff of flame hits you!
One of your 4 scrolls of remove curse catches fire!
You hear some strange, mumbled words.
The puff of flame misses you. The puff of flame hits you!
* * * LOW HITPOINT WARNING * * *
You hear some strange, mumbled words.
Something tries to affect you, but you resist.
You hear some strange, mumbled words.
Something tries to affect you, but you resist.
Something hits you!
You die...

#.#####.##.%......... ##...
............######... ##....
#.#####.###.## #.....
##.@.#####...# ########.....
##...# ##..# #............ §§§#
#..# ###.#####.#.... .§§# #..#
#......##%##... §§§#
#..######.#.##.##......
###...#####.....@............###.
.§.:().§§§...####...#....###.....
§§..!%.§§§..........###..###.<...
§§..)%).§§...............#.......
###...#####................#.....
#.§§# #..####..#.##..........
#§§§# #..............#.#.....
#.§§# #..#######.###.#.#####.
###...# ##..# #......#.#.###...


There were no monsters in sight!

Vanquished Creatures
  A centaur (D:3)
  6 adders
  A worm (D:2)
  A giant gecko (D:2)
  4 orcs (D:3)
  3 giant cockroaches
  8 goblins
  8 hobgoblins
  8 jackals
  2 ball pythons (D:1)
  3 bats
  3 giant newts (D:1)
  7 kobolds
  8 rats
63 creatures vanquished.

Notes
Turn   | Place    | Note
--------------------------------------------------------------
     0 | D:1      | Quh, the Hill Orc Fighter, began the quest for the Orb.
     0 | D:1      | Reached XP level 1. HP: 19/19 MP: 1/1
    78 | D:1      | Reached XP level 2. HP: 14/27 MP: 2/2
   660 | D:1      | Reached XP level 3. HP: 33/33 MP: 3/3
  1085 | D:1      | Reached skill level 4 in Fighting
  1282 | D:2      | Reached skill level 1 in Throwing
  1302 | D:2      | Reached XP level 4. HP: 18/41 MP: 4/4
  1532 | D:2      | Found a blossoming altar of Fedhas.
  1938 | D:3      | Reached skill level 5 in Fighting
  2093 | D:3      | Reached XP level 5. HP: 40/48 MP: 5/5
  2098 | D:3      | Noticed a centaur
  2111 | D:3      | Killed a centaur
  2603 | D:3      | Noticed Sigmund
  2629 | D:3      | Slain by Sigmund

Action                   |  1- 3 |  4- 6 || total
-------------------------+-------+-------++-------
Melee: Falchion          |   151 |   136 ||   287
  Use: Scroll            |     6 |     2 ||     8
